 Dungeon Crawl Stone Soup version 0.29.1-4-g47bece8355 (webtiles) character file.

Game seed: 17119502149070563070

196 p00ps00p the Trooper (level 5, -8/70 HPs)
             Began as a Hill Orc Fighter on Dec 3, 2022.
             Mangled by Edmund
             ... wielding a +2 flail of protection
              (10 damage)
             ... on level 4 of the Dungeon.
             The game lasted 00:07:50 (2790 turns).

p00ps00p the Trooper (Hill Orc Fighter)             Turns: 2790, Time: 00:07:51

Health: -8/70      AC: 22    Str: 21    XL:     5   Next: 74%
Magic:  5/5        EV:  2    Int:  8    God:
Gold:   129        SH:  4    Dex: 10    Spells: 4/4 levels left

rFire   . . .      SeeInvis .   a - +0 war axe
rCold   . . .      Faith    .   c - +0 buckler
rNeg    . . .      Spirit   .   (body armour currently unavailable)
rPois   +          Reflect  .   (helmet currently unavailable)
rElec   .          Harm     .   (cloak currently unavailable)
rCorr   .          Rampage  .   (gloves currently unavailable)
Will    .....      NoTele   +   (boots currently unavailable)
Stlth   +.........              (no amulet)
HPRegen 0.21/turn               (no ring)
MPRegen 0.09/turn               (no ring)

@: tree-form
A: stationary, stasis, torment immunity, boosted hp
a: no special abilities


You were on level 4 of the Dungeon.
You were a tree.
You visited 1 branch of the dungeon, and saw 4 of its levels.

You collected 129 gold pieces.

Inventory:

Hand Weapons
 a - a +0 war axe (weapon)
Missiles
 p - 5 poisoned darts (quivered)
 y - a throwing net
Armour
 b - a +0 scale mail
 c - a +0 buckler (worn)
 n - a +0 chain mail (melded)
 t - a +0 pair of gloves (melded)
 v - a +2 pair of boots (melded)
Jewellery
 j - an amulet of magic regeneration
 o - a +6 ring of intelligence
Scrolls
 e - a scroll of fog {unknown}
 g - 2 scrolls of poison {unknown}
 i - 2 scrolls of enchant weapon {unknown}
 k - a scroll of enchant armour {unknown}
 l - a scroll of teleportation {unknown}
 q - a scroll of identify {unknown}
 u - a scroll of silence {unknown}
 w - a scroll of noise {unknown}
 x - a scroll of fear {unknown}
Potions
 d - 2 potions of might
 f - 2 potions of curing
 h - a potion of flight {unknown}
 m - a potion of lignification
 r - a potion of brilliance {unknown}
 s - a potion of mutation {unknown}
 z - a potion of heal wounds {unknown}
 A - a potion of degeneration {unknown}


   Skills:
 + Level 4.9 Fighting
 + Level 4.4 Axes
 + Level 4.4 Armour
 + Level 4.4 Shields


You had 4 spell levels left.
You didn't know any spells.
Your spell library contained the following spells:

 Spells                   Type           Power      Damage    Failure   Level
 Apportation              Tloc           0%         N/A       50%         1
 Necrotise                Necr           0%         1d4       50%         1
 Summon Small Mammal      Summ           0%         N/A       50%         1


Dungeon Overview and Level Annotations

Branches:
Dungeon (4/15)
 Temple: D:4-7

Altars:

Shops:
D:1 :

Annotations:
D:4 Edmund


Message History

You hit the scorpion but do no damage.
The scorpion stings you but does no damage.
Edmund barely misses you. You block the scorpion's attack.
You slash Edmund!
Edmund is heavily wounded.
You closely miss the scorpion. Edmund hits you but does no damage.
You block the scorpion's attack.
You hit Edmund but do no damage.
Edmund is heavily wounded.
You barely miss the scorpion.
Edmund hits you with a +2 flail of protection.
* * * LOW HITPOINT WARNING * * *
The scorpion stings you but does no damage.
Edmund hits you but does no damage.
The scorpion stings you but does no damage.
You slash Edmund!
Edmund is almost dead.
You hit the scorpion.
The scorpion stings you but does no damage.
Edmund hits you but does no damage.
You barely miss Edmund.
Edmund is almost dead.
You hit the scorpion but do no damage.
The scorpion stings you but does no damage.
Edmund hits you with a +2 flail of protection.
* * * LOW HITPOINT WARNING * * *
The scorpion stings you but does no damage.
You closely miss Edmund.
Edmund is almost dead.
You hit the scorpion.
Edmund hits you with a +2 flail of protection.
* * * LOW HITPOINT WARNING * * *
The scorpion stings you but does no damage.
Edmund hits you but does no damage.
You hit Edmund.
Edmund is almost dead.
You barely miss the scorpion.
The scorpion stings you but does no damage.
Edmund hits you with a +2 flail of protection!
You die...

#. .### ## ... .
###.### .##
#.....######## ...
#####.s@..##.....# #.#
.......♣..##.#.#.## #.#
#####.............###.#
#.....#..#.#...##.#
##.####......<..<.# #.
#...######### #. #####
#. #. ..


You could see Edmund and a scorpion.

Vanquished Creatures
  A howler monkey (D:4)
  An orc priest (D:3)
  Jessica (D:2)
  An orc wizard (D:3)
  An adder (D:3)
  2 worms (D:2)
  4 dart slugs
  4 orcs (D:3)
  2 endoplasms
  2 giant cockroaches (D:1)
  5 goblins
  6 hobgoblins (D:2)
  3 jackals (D:1)
  A quokka (D:2)
  8 ball pythons
  3 bats
  4 frilled lizards
  3 kobolds
  3 rats (D:2)
55 creatures vanquished.

Notes
Turn   | Place    | Note
-------+----------+-------------------------------------------
     0 | D:1      | p00ps00p the Hill Orc Fighter began the quest for the Orb.
     0 | D:1      | Reached XP level 1. HP: 19/19 MP: 1/1
     1 | D:1      | Found Teboec's Vocational Training.
   219 | D:1      | Found a faded altar of an unknown god.
   301 | D:1      | Reached XP level 2. HP: 27/27 MP: 2/2
   959 | D:2      | Reached XP level 3. HP: 33/33 MP: 3/3
  1329 | D:2      | Noticed Jessica
  1339 | D:2      | Killed Jessica
  1340 | D:2      | Reached XP level 4. HP: 31/41 MP: 4/4
  2050 | D:3      | Reached XP level 5. HP: 32/47 MP: 5/5
  2769 | D:4      | Noticed Edmund
  2788 | D:4      | HP: 3/70 [Edmund/+2 flail of protection (1)]
  2790 | D:4      | Mangled by Edmund

Illustrated notes

Levels and vault maps discovered:
D:1:      saegor_arrival_simple_a, layout_basic,
          dreamdust_ecumenical_altar_angels_and_demons, nicolae_shop_vocational
D:2:      layout_loops_ring, nrook_mini_backslash, minmay_misc_feat_tower,
          kennysheep_jessica_study
D:3:      layout_rooms
D:4:      layout_loops_ring, amcnicky_altar_gilded, minmay_temple_entry_glass,
          glass_columns_a, uniq_menkaure, uniq_edmund

Skill      XL: |  1  2  3  4 |
---------------+-------------+-----
Axes           | 3 4 |  4.4
Fighting       | 4 |  4.9
Armour         | 4 |  4.4
Shields        | 4 |  4.4

Action                   |  1- 3 |  4- 6 || total
-------------------------+-------+-------++-------
Melee: War axe           |   104 |    82 ||   186
  Use: Potion            |       |     2 ||     2
Armor: Scale mail        |    18 |       ||    18
       Chain mail        |    49 |    51 ||   100
       Skin              |       |    12 ||    12
Dodge: Dodged            |    37 |    25 ||    62
Block: Buckler           |    24 |    21 ||    45
